 Dungeon Crawl Stone Soup version 0.26.1-11-gd32895ea62 (webtiles) character file.

Game seed: 4563085835835474538

926 nothank2 the Slasher (level 7, -3/61 HPs)
             Began as a Purple Draconian Fighter on June 13, 2021.
             Was a Believer of Nemelex Xobeh.
             Hit by a large rock thrown by a cyclops (18 damage)
             ... on level 6 of the Dungeon.
             The game lasted 00:12:43 (5599 turns).

nothank2 the Slasher (Purple Draconian Fighter)     Turns: 5599, Time: 00:12:43

Health: -3/61      AC:  6    Str: 20    XL:     7   Next: 85%
Magic:  7/7        EV: 14    Int:  9    God:    Nemelex Xobeh [**....]
Gold:   352        SH: 10    Dex: 10    Spells: 4/6 levels left

rFire    . . .     SeeInvis +   x - +0 falchion (drain)
rCold    . . .     Faith    .   b - +0 kite shield
rNeg     . . .     Spirit   .   (armour unavailable)
rPois    .         Reflect  .   (helmet restricted)
rElec    .         Harm     .   (no cloak)
rCorr    .         Rampage  .   (no gloves)
Will     +....                  (no boots)
Stlth    +.........             f - amulet of regeneration
HPRegen  0.60/turn              l - +4 ring of evasion
MPRegen  0.10/turn              o - ring of see invisible

@: no status effects
A: breathe power, unfitting armour, cold-blooded, AC +6
a: Breathe Dispelling Energy, Renounce Religion, Draw Escape, Draw Destruction,
Draw Summoning


You were on level 6 of the Dungeon.
You worshipped Nemelex Xobeh.
Nemelex Xobeh was pleased with you.
You visited 1 branch of the dungeon, and saw 6 of its levels.

You collected 352 gold pieces.

Inventory:

Hand Weapons
 a - a +1 long sword
 p - a +1 vorpal mace
 x - a +0 falchion of draining (weapon)
 y - a +0 fustibalus
Missiles
 i - 3 boomerangs
Armour
 b - a +0 kite shield (worn)
Jewellery
 f - an amulet of regeneration (around neck)
 l - a +4 ring of evasion (left hand)
 o - a ring of see invisible (right hand)
 v - a cursed -4 ring of dexterity {unknown}
 z - an uncursed ring of protection from cold {unknown}
Wands
 w - a wand of digging (7)
Scrolls
 e - 9 scrolls of identify
 k - 2 scrolls of amnesia
 m - a scroll of noise {unknown}
 r - 2 scrolls of teleportation
 t - a scroll of blinking
 u - a scroll of remove curse
Potions
 c - a potion of might
 d - 4 potions of curing
 g - a potion of lignification {unknown}
 h - 4 potions of haste
 j - 5 potions of heal wounds
 n - 2 potions of magic {unknown}
 q - a potion of brilliance {unknown}
 s - 2 potions of flight {unknown}


   Skills:
 + Level 5.3 Fighting
 + Level 7.0 Long Blades
 - Level 2.8 Dodging
 - Level 0.1 Stealth
 + Level 5.2 Shields


You had 4 spell levels left.
You knew the following spells:

 Your Spells              Type           Power        Failure   Level
a - Corona                Hex            0%           82%         1
b - Summon Small Mammal   Summ           0%           82%         1

Your spell library contained the following spells:

 Spells                   Type           Power        Failure   Level
 Animate Skeleton         Necr           0%           82%         1
 Apportation              Tloc           0%           82%         1
 Call Imp                 Summ           0%           91%         2
 Call Canine Familiar     Summ           0%           99%         3
 Summon Guardian Golem    Hex/Summ       0%           99%         3
 Summon Ice Beast         Ice/Summ       0%           100%        4
 Summon Lightning Spire   Summ/Air       0%           100%        4


Dungeon Overview and Level Annotations

Branches:
Dungeon (6/15)             Temple (0/1) D:4

Altars:
Fedhas
Kikubaaqudgha
Nemelex Xobeh


Innate Abilities, Weirdness & Mutations

You can breathe bolts of dispelling energy.
Your rich purple scales are hard. (AC +6)
You cannot fit into any form of body armour.
You are cold-blooded and may be slowed by cold attacks.


Message History

You slash the worker ant! You drain the worker ant.
Your tail-slap misses the worker ant.
The worker ant is almost dead.
The worker ant bites you.
You hit the worker ant.
You kill the worker ant!
z - an emerald ring A cyclops comes into view.
The cyclops shouts!
The cyclops throws a large rock.
The large rock hits you!!
You see here a large rock.
Non-targeted abil: Draw Destruction
Press: ? - help, Q - select action, (/) - cycle Dir - look around, f - activate
Okay, then.
The cyclops throws a large rock.
The large rock hits you!!
* * * LOW HITPOINT WARNING * * *
You see here a large rock.
The cyclops throws a large rock.
The large rock hits you!!
You die...
Your body disappears without a glow.

.....###...##
##...####..###.. .#####
#..## ##.##..##..####..
.## #..#
##.####....####... ..#
##.# ##.## ##..####..##
..# #.# ##.## ##..###..###
#.# ##.# ##..#
##.......###. #.## #..#
#.(.# #..#.....##.. #..#
#..###..(####.####...##..#
>..# ####.....@.<.#
##.....## ..## ##.......>#
##...## .## #######C.#
##..# ## ##.# #..# ## ####


You could see a cyclops.

Vanquished Creatures
  Grinder (D:4)
  A phantom (D:6)
  A sky beast (D:5)
  An ogre (D:4)
  A jelly (D:6)
  Jessica (D:6)
  3 worker ants
  A hound zombie (D:4)
  A worker ant zombie (D:5)
  7 gnolls (D:4)
  9 adders
  2 shadow imps (D:5)
  3 ufetubi
  3 adder zombies
  3 worms
  3 dart slugs
  6 leopard geckos
  5 orcs
  6 bats
  6 giant cockroaches
  6 goblins
  9 hobgoblins
  14 jackals
  4 quokkas
  4 frilled lizards
  A giant cockroach zombie (D:5)
  7 kobolds
  2 leopard gecko skeletons (D:4)
  8 rats
119 creatures vanquished.

Notes
Turn   | Place    | Note
-------+----------+-------------------------------------------
     0 | D:1      | nothank2 the Draconian Fighter began the quest for the Orb.
     0 | D:1      | Reached XP level 1. HP: 19/19 MP: 1/1
   443 | D:1      | Reached XP level 2. HP: 26/26 MP: 2/2
   580 | D:1      | Reached XP level 3. HP: 19/33 MP: 3/3
  1385 | D:2      | Learned a level 1 spell: Corona
  1583 | D:2      | Reached skill level 3 in Long Blades
  1614 | D:2      | Reached XP level 4. HP: 29/40 MP: 4/4
  2163 | D:2      | Learned a level 1 spell: Summon Small Mammal
  2593 | D:3      | Reached XP level 5. HP: 43/46 MP: 5/5
  2860 | D:3      | Found a sparkling altar of Nemelex Xobeh.
  2865 | D:3      | Became a worshipper of Nemelex Xobeh the Trickster
  3055 | D:4      | Reached skill level 4 in Long Blades
  3104 | D:4      | Found an ancient bone altar of Kikubaaqudgha.
  3108 | D:4      | Found a blossoming altar of Fedhas.
  3159 | D:4      | Noticed an ogre
  3164 | D:4      | Killed an ogre
  3165 | D:4      | Reached XP level 6. HP: 53/53 MP: 6/6
  3209 | D:4      | Reached skill level 5 in Long Blades
  3379 | D:4      | Found a staircase to the Ecumenical Temple.
  3498 | D:4      | Noticed Grinder
  3520 | D:4      | Killed Grinder
  3521 | D:4      | Your scales start taking on a rich purple colour.
  3521 | D:4      | Reached XP level 7. HP: 48/60 MP: 7/7
  3875 | D:5      | Entered Level 5 of the Dungeon
  3889 | D:5      | Reached skill level 6 in Long Blades
  3965 | D:5      | Reached skill level 5 in Fighting
  4079 | D:5      | Reached * piety under Nemelex Xobeh
  4748 | D:6      | Received a gift from Nemelex Xobeh
  4961 | D:6      | Reached skill level 5 in Shields
  5062 | D:6      | Reached ** piety under Nemelex Xobeh
  5465 | D:6      | Found a sparkling altar of Nemelex Xobeh.
  5465 | D:6      | Noticed Jessica
  5475 | D:6      | Killed Jessica
  5476 | D:6      | Reached skill level 7 in Long Blades
  5595 | D:6      | Noticed a cyclops
  5599 | D:6      | Hit by a large rock thrown by a cyclops

Illustrated notes

Levels and vault maps discovered:
D:1:      kennysheep_arrival_forest, layout_loops_ring, skrybe_limestone_x,
          kennysheep_small_spiral, minmay_heptomino_w4
D:2:      layout_rooms, kennysheep_generic_room_13
D:3:      layout_rooms, dk_vineyard_3, nemelex_diamond_rough_becter
D:4:      layout_loops_ring, grunt_temple_overflow_growth_and_decay,
          minmay_temple_entry_large_hall, serial_undead, serial_undead_d,
          serial_undead_e, serial_undead_f, serial_undead_e, uniq_grinder
D:5:      minmay_general_purpose_star, layout_basic
D:6:      layout_layer_cave, lemuel_doored_altar, nemelex_lonely_heart_becter

Skill      XL: |  1  2  3  4  5  6  7 |
---------------+----------------------+-----
Long Blades    | 3 4 5 7 |  7.0
Fighting       | 4 5 |  5.3
Shields        | 4 5 |  5.2
Dodging        | |  2.8
Stealth        | |  0.1

Action                   |  1- 3 |  4- 6 |  7- 9 || total
-------------------------+-------+-------+-------++-------
Melee: Long sword        |   109 |   153 |    97 ||   359
       Tailslap          |    12 |    27 |    12 ||    51
       Falchion          |       |       |    10 ||    10
Invok: Draw Destruction  |       |       |     3 ||     3
  Use: Scroll            |       |     9 |       ||     9
       Potion            |       |     2 |       ||     2
 Stab: Sleeping          |     3 |       |       ||     3
Armor: Skin              |    32 |    22 |    20 ||    74
Dodge: Dodged            |    59 |    91 |    71 ||   221
Block: Kite shield       |    67 |    74 |    52 ||   193
       Rpst.: Long sword |    14 |    31 |    23 ||    68
       Falchion          |       |       |     1 ||     1
